SAA
TACOMA FUR TRADERS @ LANCASTER FARMERS
06/23/2042
 
TOP OF THE 1ST
Tacoma Fur Traders batting - Pitching for Lancaster Farmers : RHP Josuke Okumura
Pitching: RHP Josuke Okumura
Batting: RHB Manuel Acosta 0-0: Ball
1-0: Swinging Strike
1-1: SOLO HOME RUN (Flyball, 7LD, EV 108.1 MPH), Distance : 344 ft
Batting: RHB Axel Chicote 0-0: Ball
1-0: Called Strike
1-1: Ball
2-1: Foul Ball, location: 2F
2-2: Strikes out swinging
Batting: LHB Cho-yun Yip 0-0: Ball
1-0: Called Strike
1-1: Ball
2-1: Swinging Strike
2-2: DOUBLE (Line Drive, 7LM, EV 115.0 MPH)
Batting: LHB Hori Ikenaki 0-0: Swinging Strike
0-1: Called Strike
0-2: Strikes out swinging
Batting: SHB Nathan Polkinghorne 0-0: Ball
1-0: Called Strike
1-1: Ball
2-1: Ground out U3 (Groundball, 3, EV 92.5 MPH)
Top of the 1st over - 1 run, 2 hits, 0 errors, 1 left on base; Tacoma 1 - Lancaster 0
BOTTOM OF THE 1ST
Lancaster Farmers batting - Pitching for Tacoma Fur Traders : RHP Byron Cooling
Pitching: RHP Byron Cooling
Batting: LHB Conrad Overdevest 0-0: Foul Ball, location: 2F
0-1: Ball
1-1: Ball
2-1: Foul Ball, location: 2F
2-2: Ball
3-2: Foul Ball, location: 2F
3-2: Base on Balls
Batting: RHB Archie Pittman 0-0: Ball
1-0: Foul Ball, location: 2F
1-1: Swinging Strike
1-2: Ball
2-2: SINGLE (Line Drive, 8LS, EV 100.6 MPH)
Conrad Overdevest to second
Runner from 2nd tries for 3rd, SAFE, no throw by CF
Batting: LHB Robert Shannon 0-0: Ball
1-0: Ball
2-0: Called Strike
2-1: Foul Ball, location: 2F
2-2: Foul Ball, location: 2F
2-2: Ball
3-2: Base on Balls
Archie Pittman to second
Batting: LHB Alex Joly 0-0: Called Strike
0-1: Grounds into double play, 4-6-3 (Groundball, 4, EV 76.9 MPH)
Conrad Overdevest scores
Archie Pittman to third
Batting: RHB Gonzalo Perales 0-0: Ball
1-0: Called Strike
1-1: Called Strike
1-2: Foul Ball, location: 2F
1-2: Foul Ball, location: 2F
1-2: Strikes out swinging
Bottom of the 1st over - 1 run, 1 hit, 0 errors, 1 left on base; Tacoma 1 - Lancaster 1
TOP OF THE 2ND
Tacoma Fur Traders batting - Pitching for Lancaster Farmers : RHP Josuke Okumura
Batting: LHB Bari bin Sayyid 0-0: Swinging Strike
0-1: Called Strike
0-2: Ball
1-2: Ball
2-2: Strikes out swinging
Batting: RHB Ramón García 0-0: Called Strike
0-1: Ball
1-1: Ball
2-1: Ball
3-1: Foul Ball, location: 2F
3-2: SINGLE (Groundball, 56D, EV 93.8 MPH)
Batting: RHB Jeroen Penning 0-0: Ball
1-0: Ball
2-0: Foul Ball, location: 2F
2-1: Fielders Choice at 2nd, 4-6 (Groundball, 4, EV 80.6 MPH)
Batting: RHB Eduardo Sainz 0-0: Ball
1-0: Fielders Choice at 2nd, 6-4 (Groundball, 6, EV 108.1 MPH)
Top of the 2nd over - 0 runs, 1 hit, 0 errors, 1 left on base; Tacoma 1 - Lancaster 1
BOTTOM OF THE 2ND
Lancaster Farmers batting - Pitching for Tacoma Fur Traders : RHP Byron Cooling
Batting: RHB António Andrés 0-0: Ball
1-0: Ball
2-0: Ball
3-0: Base on Balls
Batting: SHB Raúl Miranda 0-0: SINGLE (Flyball, 78S, EV 88.8 MPH)
António Andrés to second
Batting: RHB Thurman Williams 0-0: Foul Ball, location: 2F
0-1: SINGLE (Groundball, 34D, EV 106.9 MPH)
António Andrés to third
Raúl Miranda to second
Batting: RHB Fabrice Boyer 0-0: Ball
1-0: Ball
2-0: Foul Ball, location: 2F
2-1: Fly out, F8 (Flyball, 78S, EV 72.5 MPH)
Batting: LHB Conrad Overdevest 0-0: Ball
1-0: Ball
2-0: Called Strike
2-1: Ball
3-1: Fielders Choice at 2nd, 4-6 (Groundball, 4, EV 89.4 MPH)
António Andrés scores
Raúl Miranda to third
Batting: RHB Archie Pittman 0-0: Ball
1-0: Ball
2-0: Ball
3-0: Base on Balls
Conrad Overdevest to second
Batting: LHB Robert Shannon 0-0: Ball
1-0: Ball
2-0: Called Strike
2-1: Called Strike
2-2: Foul Ball, location: 2F
2-2: Ball
3-2: Foul Ball, location: 2F
3-2: Base on Balls
Raúl Miranda scores
Conrad Overdevest to third
Archie Pittman to second
Batting: LHB Alex Joly 0-0: Ball
1-0: Ball
2-0: Called Strike
2-1: Foul Ball, location: 2F
2-2: Fly out, F7 (Flyball, 7D, EV 78.1 MPH)
Bottom of the 2nd over - 2 runs, 2 hits, 0 errors, 3 left on base; Tacoma 1 - Lancaster 3
TOP OF THE 3RD
Tacoma Fur Traders batting - Pitching for Lancaster Farmers : RHP Josuke Okumura
Now at 3B: Tim Smith
Batting: RHB Manuel Acosta 0-0: Ball
1-0: Ground out 4-3 (Groundball, 4S, EV 93.8 MPH)
Batting: RHB Axel Chicote 0-0: Ball
1-0: Ball
2-0: Foul Ball, location: 2F
2-1: Fly out, F7 (Flyball, 78D, EV 101.2 MPH)
Batting: LHB Cho-yun Yip 0-0: Ball
1-0: Swinging Strike
1-1: Fly out, F9 (Flyball, 9S, EV 88.1 MPH)
Top of the 3rd over - 0 runs, 0 hits, 0 errors, 0 left on base; Tacoma 1 - Lancaster 3
BOTTOM OF THE 3RD
Lancaster Farmers batting - Pitching for Tacoma Fur Traders : RHP Byron Cooling
Batting: RHB Gonzalo Perales 0-0: Ball
1-0: Foul Ball, location: 2F
1-1: Fly out, F8 (Line Drive, 8LM, EV 92.5 MPH)
Batting: RHB António Andrés 0-0: Called Strike
0-1: Ball
1-1: SINGLE (Line Drive, 8RS, EV 86.9 MPH)
Batting: SHB Raúl Miranda 0-0: Called Strike
0-1: Called Strike
0-2: Ball
1-2: Ball
2-2: Reached on error, E5 (Groundball, 56, EV 95.0 MPH)
António Andrés to second
Batting: RHB Tim Smith 0-0: Ball
1-0: Ball
2-0: Ball
Wild Pitch!
António Andrés to third
Raúl Miranda to second
3-0: Called Strike
3-1: Ground out 4-3 (Groundball, 4D, EV 107.5 MPH)
António Andrés scores
Raúl Miranda to third
Batting: RHB Fabrice Boyer 0-0: Ball
1-0: Ground out 6-3 (Groundball, 6, EV 80.6 MPH)
Bottom of the 3rd over - 1 run, 1 hit, 1 error, 1 left on base; Tacoma 1 - Lancaster 4
TOP OF THE 4TH
Tacoma Fur Traders batting - Pitching for Lancaster Farmers : RHP Josuke Okumura
Batting: LHB Hori Ikenaki 0-0: Ball
1-0: Fly out, F9 (Flyball, 9LS, EV 90.6 MPH)
Batting: SHB Nathan Polkinghorne 0-0: Ball
1-0: Foul Ball, location: 2F
1-1: Ball
2-1: Called Strike
2-2: Strikes out swinging
Batting: LHB Bari bin Sayyid 0-0: Called Strike
0-1: Swinging Strike
0-2: Strikes out looking
Top of the 4th over - 0 runs, 0 hits, 0 errors, 0 left on base; Tacoma 1 - Lancaster 4
BOTTOM OF THE 4TH
Lancaster Farmers batting - Pitching for Tacoma Fur Traders : RHP Byron Cooling
Batting: LHB Conrad Overdevest 0-0: Called Strike
0-1: Ball
1-1: Ball
2-1: Ball
3-1: Foul Ball, location: 2F
3-2: DOUBLE (Line Drive, 78D, EV 106.2 MPH)
Batting: RHB Archie Pittman 0-0: Ball
1-0: Ball
2-0: Called Strike
2-1: DOUBLE (Line Drive, 78D, EV 114.4 MPH)
Conrad Overdevest scores
Pitching: RHP Kenny Caird
Batting: LHB Robert Shannon 0-0: Called Strike
0-1: Ball
1-1: Called Strike
1-2: Strikes out looking
Batting: LHB Alex Joly 0-0: Called Strike
0-1: Foul Ball, location: 2F
0-2: Ball
1-2: Foul Ball, location: 2F
1-2: Fly out, F5 (Popup, 56S, EV 80.6 MPH)
Batting: RHB Gonzalo Perales 0-0: Ball
1-0: Ball
2-0: Ground out 1-3 (Groundball, 34S, EV 85.0 MPH)
Bottom of the 4th over - 1 run, 2 hits, 0 errors, 1 left on base; Tacoma 1 - Lancaster 5
TOP OF THE 5TH
Tacoma Fur Traders batting - Pitching for Lancaster Farmers : RHP Josuke Okumura
Batting: RHB Ramón García 0-0: Swinging Strike
0-1: Fly out, F8 (Flyball, 89M, EV 82.5 MPH)
Batting: RHB Jeroen Penning 0-0: Ball
1-0: Foul Ball, location: 2F
1-1: Ball
2-1: DOUBLE (Line Drive, 9LM, EV 105.0 MPH)
Batting: RHB Eduardo Sainz 0-0: Foul Ball, location: 2F
0-1: Swinging Strike
0-2: Foul Ball, location: 2F
0-2: Ball
1-2: Strikes out looking
Batting: RHB Manuel Acosta 0-0: Ball
1-0: Fly out, F9 (Flyball, 9D, EV 108.8 MPH)
Top of the 5th over - 0 runs, 1 hit, 0 errors, 1 left on base; Tacoma 1 - Lancaster 5
BOTTOM OF THE 5TH
Lancaster Farmers batting - Pitching for Tacoma Fur Traders : RHP Kenny Caird
Batting: RHB António Andrés 0-0: Ball
1-0: Called Strike
1-1: Swinging Strike
1-2: Ball
2-2: Ball
3-2: Strikes out looking
Batting: SHB Raúl Miranda 0-0: Called Strike
0-1: Fly out, F7 (Flyball, 78S, EV 90.6 MPH)
Batting: RHB Tim Smith 0-0: Ball
1-0: Ball
2-0: Ground out 6-3 (Groundball, 6, EV 85.0 MPH)
Bottom of the 5th over - 0 runs, 0 hits, 0 errors, 0 left on base; Tacoma 1 - Lancaster 5
TOP OF THE 6TH
Tacoma Fur Traders batting - Pitching for Lancaster Farmers : RHP Josuke Okumura
Batting: RHB Axel Chicote 0-0: Called Strike
0-1: Swinging Strike
0-2: Ball
1-2: Ground out 5-3 (Groundball, 56, EV 86.2 MPH)
Batting: LHB Cho-yun Yip 0-0: Called Strike
0-1: Ball
1-1: Swinging Strike
1-2: Foul Ball, location: 2F
1-2: Ground out 6-3 (Groundball, 6, EV 92.5 MPH)
Batting: LHB Hori Ikenaki 0-0: Called Strike
0-1: Ball
1-1: Called Strike
1-2: Fly out, F8 (Flyball, 8LD, EV 90.0 MPH)
Top of the 6th over - 0 runs, 0 hits, 0 errors, 0 left on base; Tacoma 1 - Lancaster 5
BOTTOM OF THE 6TH
Lancaster Farmers batting - Pitching for Tacoma Fur Traders : RHP Kenny Caird
Batting: RHB Fabrice Boyer 0-0: Ball
1-0: Ball
2-0: Foul Ball, location: 2F
2-1: Fly out, F9 (Flyball, 9S, EV 90.6 MPH)
Batting: LHB Conrad Overdevest 0-0: Ground out 5-3 (Groundball, 56, EV 86.9 MPH)
Batting: RHB Archie Pittman 0-0: Ball
1-0: Ball
2-0: Foul Ball, location: 2F
2-1: Swinging Strike
2-2: Ball
3-2: Base on Balls
Pitching: RHP Jesús Cruz
Batting: LHB Robert Shannon 0-0: Foul Ball, location: 2F
0-1: Ball
1-1: Ball
2-1: Ball
3-1: Base on Balls
Archie Pittman to second
Batting: LHB Alex Joly 0-0: Ball
1-0: Ball
2-0: Foul Ball, location: 2F
2-1: Ball
3-1: DOUBLE (Line Drive, 78D, EV 107.5 MPH)
Archie Pittman scores
Robert Shannon to third
Runner from 3rd tries for Home, SAFE, throw by LF to home
Batting: RHB Gonzalo Perales 0-0: Foul Ball, location: 2F
0-1: Ball
1-1: Ball
2-1: Swinging Strike
2-2: Strikes out looking
Bottom of the 6th over - 2 runs, 1 hit, 0 errors, 1 left on base; Tacoma 1 - Lancaster 7
TOP OF THE 7TH
Tacoma Fur Traders batting - Pitching for Lancaster Farmers : RHP Josuke Okumura
Batting: SHB Nathan Polkinghorne 0-0: Called Strike
0-1: Ball
1-1: Ball
2-1: Foul Ball, location: 2F
2-2: DOUBLE (Flyball, 89D, EV 105.6 MPH)
Batting: LHB Bari bin Sayyid 0-0: Called Strike
0-1: Ball
1-1: Foul Ball, location: 2F
1-2: 2-RUN HOME RUN (Line Drive, 9D, EV 110.6 MPH), Distance : 398 ft
Batting: RHB Ramón García 0-0: Called Strike
0-1: Ball
1-1: Ball
2-1: Swinging Strike
2-2: Strikes out swinging
Batting: RHB Jeroen Penning 0-0: Called Strike
0-1: Called Strike
0-2: Ball
1-2: SINGLE (Groundball, 34D, EV 101.2 MPH)
Batting: RHB Eduardo Sainz 0-0: Ball
1-0: Called Strike
1-1: Fly out, F7 (Flyball, 7D, EV 91.2 MPH)
Batting: RHB Manuel Acosta 0-0: SINGLE (Groundball, 5L, EV 80.6 MPH) (infield hit)
Jeroen Penning to second
Batting: RHB Axel Chicote 0-0: Swinging Strike
0-1: Swinging Strike
0-2: Foul Ball, location: 2F
0-2: Ball
1-2: Strikes out swinging
Top of the 7th over - 2 runs, 4 hits, 0 errors, 2 left on base; Tacoma 3 - Lancaster 7
BOTTOM OF THE 7TH
Lancaster Farmers batting - Pitching for Tacoma Fur Traders : RHP Jesús Cruz
Batting: RHB António Andrés 0-0: Foul Ball, location: 2F
0-1: Ball
1-1: Called Strike
1-2: Ball
2-2: Foul Ball, location: 2F
2-2: Foul Ball, location: 2F
2-2: Foul Ball, location: 2F
2-2: Reached on error, E5 (Groundball, 56, EV 100.6 MPH)
Batting: SHB Raúl Miranda 0-0: Called Strike
0-1: Called Strike
0-2: Ball
1-2: Ball
2-2: Fly out, F9 (Flyball, 9, EV 75.0 MPH)
Batting: RHB Tim Smith 0-0: Called Strike
0-1: Fly out, F5 (Popup, 5SF, EV 68.8 MPH)
Batting: RHB Fabrice Boyer 0-0: Called Strike
0-1: DOUBLE (Line Drive, 9LS, EV 103.1 MPH)
António Andrés to third
Batting: LHB Conrad Overdevest 0-0: Ground out 4-3 (Groundball, 4, EV 86.9 MPH)
Bottom of the 7th over - 0 runs, 1 hit, 1 error, 2 left on base; Tacoma 3 - Lancaster 7
TOP OF THE 8TH
Tacoma Fur Traders batting - Pitching for Lancaster Farmers : RHP Josuke Okumura
Batting: LHB Cho-yun Yip 0-0: Ball
1-0: Ball
2-0: Ball
3-0: Called Strike
3-1: Called Strike
3-2: Foul Ball, location: 2F
3-2: Foul Ball, location: 2F
3-2: Foul Ball, location: 2F
3-2: Ground out 6-3 (Groundball, 6, EV 105.6 MPH)
Pitching: RHP Dave Green
Batting: LHB Hori Ikenaki 0-0: Ball
1-0: Fly out, F9 (Flyball, 9, EV 95.0 MPH)
Batting: SHB Nathan Polkinghorne 0-0: Foul Ball, location: 2F
0-1: Swinging Strike
0-2: Foul Ball, location: 2F
0-2: Strikes out swinging
Top of the 8th over - 0 runs, 0 hits, 0 errors, 0 left on base; Tacoma 3 - Lancaster 7
BOTTOM OF THE 8TH
Lancaster Farmers batting - Pitching for Tacoma Fur Traders : RHP Jesús Cruz
Batting: RHB Archie Pittman 0-0: Called Strike
0-1: Ground out 6-3 (Groundball, 6, EV 97.5 MPH)
Batting: LHB Robert Shannon 0-0: Swinging Strike
0-1: SINGLE (Groundball, 34D, EV 96.2 MPH)
Batting: LHB Alex Joly 0-0: Ball
1-0: Called Strike
1-1: Ball
2-1: SINGLE (Groundball, 4D, EV 96.2 MPH)
Robert Shannon to second
Throwing error, E9
Robert Shannon scores
Alex Joly to second
Pitching: RHP Hang-fu Xiong
Batting: RHB Gonzalo Perales 0-0: Ball
1-0: Ball
2-0: Fly out, F9 (Flyball, 89XD, EV 80.0 MPH)
Runner from 2nd tags up, SAFE at 3rd, no throw by RF
Batting: RHB António Andrés 0-0: Ball
1-0: Ball
2-0: Called Strike
2-1: Ball
3-1: Foul Ball, location: 2F
3-2: Foul Ball, location: 2F
3-2: Foul Ball, location: 2F
3-2: Base on Balls
Batting: SHB Raúl Miranda 0-0: Ball
1-0: Foul Ball, location: 2F
1-1: Ball
2-1: Ball
3-1: DOUBLE (Line Drive, 9LM, EV 110.6 MPH)
Alex Joly scores
António Andrés to third
Runner from 3rd tries for Home, SAFE, no throw by RF
Pinch Hitting: RHB Gerard Ibison 0-0: Ball
1-0: SINGLE (Groundball, 4M, EV 103.1 MPH) (infield hit)
Raúl Miranda to third
Batting: RHB Fabrice Boyer 0-0: Swinging Strike
0-1: Ball
1-1: Swinging Strike
1-2: Strikes out looking
Bottom of the 8th over - 3 runs, 4 hits, 1 error, 2 left on base; Tacoma 3 - Lancaster 10
TOP OF THE 9TH
Tacoma Fur Traders batting - Pitching for Lancaster Farmers : RHP Dave Green
Now at 3B: Gerard Ibison
Pinch Hitting: SHB Miguel Victor 0-0: Ball
1-0: Swinging Strike
1-1: Fly out, F7 (Line Drive, 7, EV 89.4 MPH)
Batting: RHB Ramón García 0-0: Ball
1-0: Ground out U3 (Groundball, 3, EV 105.6 MPH)
Batting: RHB Jeroen Penning 0-0: Ball
1-0: Called Strike
1-1: Foul Ball, location: 2F
1-2: Ground out 4-3 (Groundball, 4, EV 86.2 MPH)
Top of the 9th over - 0 runs, 0 hits, 0 errors, 0 left on base; Tacoma 3 - Lancaster 10
Friday, March 26th, 2021 - OOTP Baseball 20.8 Build 74